 Dungeon Crawl Stone Soup version 0.27-a0-604-g29a88b33a7 (webtiles) character file.

Game seed: 6767076474017454232

54 Gaff the Grasshopper (level 3, -2/37 HPs)
             Began as an Ogre Warper on Mar 12, 2021.
             Slain by a gnoll
             ... wielding a +0 halberd
              (12 damage)
             ... on level 2 of the Dungeon.
             The game lasted 00:09:30 (2099 turns).

Gaff the Grasshopper (Ogre Warper)                  Turns: 2099, Time: 00:09:31

Health: -2/37      AC:  3    Str: 15    XL:     3   Next: 91%
Magic:  7/7        EV: 10    Int: 14    God:
Gold:   66         SH:  0    Dex:  9    Spells: 6/8 levels left

rFire    . . .     SeeInvis .   a - +0 spear
rCold    . . .     Faith    .   (no shield)
rNeg     + . .     Spirit   .   b - +0 robe
rPois    .         Reflect  .   (helmet restricted)
rElec    .         Harm     .   (no cloak)
rCorr    .         Rampage  .   (gloves unavailable)
Will     .....                  (boots unavailable)
Stlth    +.........             (no amulet)
HPRegen  0.12/turn              p - ring of positive energy
MPRegen  0.10/turn              (no ring)

@: no status effects
A: large, unfitting armour, tough skin 1
a: no special abilities


You were on level 2 of the Dungeon.
You visited 1 branch of the dungeon, and saw 2 of its levels.

You collected 66 gold pieces.

Inventory:

Hand Weapons
 a - a +0 spear (weapon)
Missiles
 e - 3 javelins
 l - 11 stones
 s - 4 poisoned darts (quivered)
Armour
 b - a +0 robe (worn)
Jewellery
 p - a ring of positive energy (right hand)
 q - a ring of protection from fire
Scrolls
 c - a scroll of identify {unknown}
 d - 2 scrolls of blinking
 g - a scroll of fear {unknown}
 h - a scroll of enchant armour {unknown}
 i - 3 scrolls of enchant weapon {unknown}
 j - 2 scrolls of teleportation {unknown}
 k - 3 scrolls of magic mapping {unknown}
Potions
 f - a potion of curing {unknown}
 m - a potion of haste {unknown}
 n - a potion of heal wounds {unknown}
 o - a potion of brilliance {unknown}
 r - a potion of degeneration {unknown}


   Skills:
 + Level 3.0 Fighting
 + Level 2.3 Polearms
 + Level 1.7 Throwing
 + Level 2.4 Dodging
 + Level 3.0 Spellcasting
 + Level 3.2 Translocations


You had 6 spell levels left.
You knew the following spells:

 Your Spells              Type           Power      Damage    Failure   Level
a - Blink                 Tloc           N/A        N/A       9%          2

Your spell library contained the following spells:

 Spells                   Type           Power      Damage    Failure   Level
 Gell's Gravitas          Tloc           5%         N/A       17%         3
 Lesser Beckoning         Tloc           5%         N/A       17%         3
 Teleport Other           Tloc           11%        N/A       17%         3
 Manifold Assault         Tloc           11%        N/A       50%         4


Dungeon Overview and Level Annotations

Branches:
Dungeon (2/15)

Altars:


Innate Abilities, Weirdness & Mutations

You are too large for most types of armour.
You have tough skin. (AC +1)


Message History

The gnoll closely misses you. The gnoll hits you but does no damage.
There is a stone staircase leading up, spattered with blood here.
The gnoll closely misses you.
You climb upwards.
There is a stone staircase leading down, spattered with blood here.
You start resting.
HP restored.
You climb downwards.
There is a stone staircase leading up, spattered with blood here.
Throw: 7 darts (poison)
Press: ? - help, Q - select action, (/) - cycle Shift-Dir - straight line, f - gnoll
Aim: a gnoll, wielding a +0 spear (wandering, hasn't noticed you, 58% to hit)
You throw a poisoned dart.
The poisoned dart barely misses the gnoll.
The poisoned dart closely misses the gnoll.
The gnoll shouts!
Throw: 6 darts (poison)
Press: ? - help, Q - select action, (/) - cycle Shift-Dir - straight line, f/p - gnoll
Aim: a gnoll, wielding a +0 spear (58% to hit)
You throw a poisoned dart. The poisoned dart hits the gnoll.
The gnoll is poisoned.
Unknown command.
Throw: 5 darts (poison)
Press: ? - help, Q - select action, (/) - cycle Shift-Dir - straight line, f/p - gnoll
Aim: a gnoll, wielding a +0 spear (58% to hit)
You throw a poisoned dart.
The poisoned dart barely misses the gnoll.
The poisoned dart barely misses the gnoll.
The gnoll closely misses you.
There is a stone staircase leading up, spattered with blood here.
The gnoll hits you but does no damage.
The gnoll hits you from afar with a +0 halberd!
There is a stone staircase leading up, spattered with blood here.
The gnoll hits you with a +0 spear. The gnoll closely misses you.
There is a stone staircase leading up, spattered with blood here.
The gnoll hits you with a +0 spear!
* * * LOW HITPOINT WARNING * * *
The gnoll hits you from afar with a +0 halberd!
You die...

.......###.#.g##....#.........
.........(....................
...###.###.####..##.#.........
....†.....(......##...........
##.............####.........
##.........(#....#..#......
#....>.............##....
#.......(...gg..........#
#.......(.#...@.........#
...........#....#........#
..#..........####)>......#
.......(...#............#
.......(.....############
.......(.(... .............#
.....


You could see 2 gnolls.

Vanquished Creatures
  A gnoll (D:1)
  2 oozes
  A worm (D:2)
  A dart slug (D:1)
  2 leopard geckos (D:1)
  5 hobgoblins
  4 jackals (D:1)
  5 bats (D:1)
  A frilled lizard (D:2)
  5 kobolds (D:1)
  4 rats
31 creatures vanquished.

Notes
Turn   | Place    | Note
-------+----------+-------------------------------------------
     0 | D:1      | Gaff the Ogre Warper began the quest for the Orb.
     0 | D:1      | Reached XP level 1. HP: 22/22 MP: 3/3
   167 | D:1      | Reached XP level 2. HP: 22/29 MP: 5/5
   641 | D:1      | Reached XP level 3. HP: 36/36 MP: 7/7
  1066 | D:1      | Learned a level 2 spell: Blink
  2099 | D:2      | Slain by a gnoll

Illustrated notes

Levels and vault maps discovered:
D:1:      lightli_arrival_quake, layout_basic, minmay_pentomino_s2
D:2:      layout_rooms

Skill      XL: |  1  2  3 |
---------------+----------+-----
Translocations | 3 |  3.2
Fighting       | 3 |  3.0
Spellcasting   | 3 |  3.0
Polearms       | |  2.3
Throwing       | |  1.7
Dodging        | |  2.4

Action                   || total
-------------------------++-------
Melee: Spear             ||    83
Throw: Javelin           ||    22
       Boomerang         ||     5
       Stone             ||    25
       Dart              ||    14
 Cast: Blink             ||     7
 Stab: Sleeping          ||     1
Armor: Robe              ||    26
Dodge: Dodged            ||    49

Table legend: (Time is in decaauts)
 A = Elapsed time spent in this place.
 B = Non-inter-level travel time spent in this place.
 C = Inter-level travel time spent in this place.
 D = Time resting spent in this place.
 E = Time spent auto-exploring this place.
 F = Levels seen in this place.
 G = Mean time per level.
                   A        B        C        D        E       F      G
               +--------+--------+--------+--------+--------+-----+--------+
         Total |   2112 |   2058 |     54 |    617 |    770 |   2 | 1056.0 |
       Dungeon |   2112 |   2058 |     54 |    617 |    770 |   2 | 1056.0 |
               +--------+--------+--------+--------+--------+-----+--------+

Top non-repeatable levels by time:
     D:1: 1816 daAuts
     D:2: 296 daAuts
